 Dungeon Crawl Stone Soup version 0.19-a0-1815-g4007336 (webtiles) character file.

52149 Amnesiac the Shatterer (level 14, -1/127 HPs)
             Began as an Ogre Berserker on Oct 5, 2016.
             Was the Champion of Trog.
             Slain by a sun demon (3 damage)
             ... led by a balrug
             ... on level 3 of the Abyss on Oct 6, 2016.
             The game lasted 00:27:52 (16707 turns).

Amnesiac the Shatterer (Ogre Berserker)            Turns: 16707, Time: 00:27:53

Health: -1/127     AC: 11    Str: 24 (25) XL:     14   Next: 62%
Magic:  12/12      EV: 16    Int:  7 (8)  God:    Trog [******]
Gold:   1189       SH:  0    Dex: 13      Spells: 0 memorised, 13 levels left

rFire  + + .     SeeInvis .     F - +4 giant spiked club
rCold  . . .     Gourm    .     P - +2 robe {rF+}
rNeg   . . .     Faith    .     (shield currently unavailable)
rPois  +         Spirit   .     B - +2 hat
rElec  .         Dismiss  .     H - +0 cloak of Rommis {Str+4} (curse)
rCorr  .         Reflect  .     (gloves unavailable)
MR     +....     Harm     +     (boots unavailable)
Stlth  +.........               f - amulet of harm
                                L - ring of stealth
                                N - ring of protection from fire

@: liquid flames, about to teleport, glowing
A: unfitting armour, talons 1, molten scales 1, clever 1, deterioration 1, frail
2, low mp 1, poison resistance, shaggy fur 1, tough skin 1, weak 2, subdued
magic 2, MP-powered wands
a: Berserk, Trog's Hand, Brothers in Arms, Burn Spellbooks, Renounce Religion


You were on level 3 of the Abyss.
You worshipped Trog.
Trog was exalted by your worship.
You were not hungry.

You visited 3 branches of the dungeon, and saw 18 of its levels.
You visited the Abyss 1 time.

You collected 1493 gold pieces.
You spent 304 gold pieces at shops.

Inventory:

Hand Weapons
 F - a +4 giant spiked club (weapon)
 T - a +2 antimagic dire flail
 U - a +2 demon whip of pain
Missiles
 e - a throwing net (quivered)
 j - 5 large rocks
Armour
 l - a mottled dragon hide
 B - a +2 hat (worn)
 H - the cursed +0 cloak of Rommis (worn) {Str+4}
   (You bought it in a shop on level 2 of the Orcish Mines)

   It affects your strength (+4).
   It has a curse placed upon it.
 P - a +2 robe of fire resistance (worn)
 Q - a +2 hat
Jewellery
 f - an amulet of harm (around neck)
 g - an uncursed amulet of guardian spirit {unknown}
 y - an uncursed ring of flight
 K - an uncursed ring of fire
 L - a ring of stealth (right hand)
 N - a ring of protection from fire (left hand)
 O - an uncursed ring of ice
Wands
 b - a wand of polymorph (14/24)
 t - a wand of paralysis (24/24)
 A - a wand of flame (22/48)
 G - a wand of digging (21/24)
 I - a wand of acid (6/15)
 J - a wand of lightning (5/15)
Scrolls
 h - 2 scrolls of teleportation
 i - 3 scrolls of remove curse
 k - a scroll of blinking {unknown}
 v - a scroll of vulnerability
 w - 2 scrolls of fog
 z - 3 scrolls of identify
Potions
 a - 8 potions of curing
 d - a potion of cancellation
 m - a potion of heal wounds
 o - 4 potions of brilliance
 p - 2 potions of lignification
 q - 2 potions of haste
 u - 2 potions of ambrosia
 x - a potion of resistance
 C - 2 potions of cure mutation
 D - a potion of berserk rage
Books
 s - a book of Geomancy

   Spells                             Type                      Level
   a - Sandblast                      Earth                        1
   b - Passwall                       Transmutation/Earth          2
   c - Stone Arrow                    Conjuration/Earth            3
   d - Petrify                        Transmutation/Earth          4
   e - Lee's Rapid Deconstruction     Earth                        5
   Trog disapproves of the use of such an item.
 M - a book of Conjurations

   Spells                             Type                      Level
   a - Magic Dart                     Conjuration                  1
   b - Searing Ray                    Conjuration                  2
   c - Dazzling Spray                 Conjuration/Hexes            3
   d - Fulminant Prism                Conjuration/Hexes            4
   e - Iskenderun's Mystic Blast      Conjuration                  4
   f - Iskenderun's Battlesphere      Conjuration/Charms           5
   Trog disapproves of the use of such an item.
Comestibles
 c - 7 bread rations
 n - 3 meat rations
 r - 8 slices of pizza
 E - 3 beef jerkies
 R - 5 fruits
 S - a chunk of flesh


   Skills:
 - Level 15.5 Fighting
 + Level 22.2 Maces & Flails
 - Level 11.2 Dodging


You had 13 spell levels left.
You didn't know any spells.

Dungeon Overview and Level Annotations

Branches:
Dungeon (13/15)            Temple (0/1) D:4            Lair (0/6) D:9
    Orc (2/2) D:11            Elf (3/3) Orc:2
 Vaults: D:13-14

Altars:
Elyvilon
Fedhas
Hepliaklqana
Kikubaaqudgha
Okawaru
Qazlal
Xom
Yredelemnul
Zin
The Shining One

Shops:
D:9 *[=   D:10 }   Orc:2 ((:(([=   Elf:1 %   Elf:2 ?

Annotations:
D:3 Shenda's ghost, amateur VSFi
D:13 Rupert
Elf:2 exclusion: 5 doors


Innate Abilities, Weirdness & Mutations

You are too large for most types of armour.
You have tough skin. (AC +1)
You have sharp toenails.
You are partially covered in molten scales. (AC +2)
Your mind is acute. (Int +2)
Your system is resistant to poisons. (rPois)
You are covered in fur. (AC +1)
You expend magic power (3 MP) to strengthen your wands.
[Your body sometimes deteriorates upon taking damage.]
[You are very frail. (-20% HP)]
[Your magical capacity is low. (-10% MP)]
[You are very weak. (Str -4)]
[Your spells are easier to cast, but less powerful.]


Message History

The sun demon hits you!!
You are engulfed in flames.
You resist. The smoke demon gestures at you. The ball of steam hits you!
You resist. The sun demon hits you!!
* * * LOW HITPOINT WARNING * * *
Your body deteriorates!
You feel weakened.
You are engulfed in flames.
You resist.
* * * LOW HITPOINT WARNING * * *
You are covered in liquid flames!
* * * LOW HITPOINT WARNING * * *
Unknown command.
As you read the scroll of teleportation, it crumbles to dust.
You feel strangely unstable.
You feel the power of the Abyss delaying your translocation!
You are covered in liquid flames!
* * * LOW HITPOINT WARNING * * *
The sun demon hits you!!
* * * LOW HITPOINT WARNING * * *
Your body deteriorates!
You feel dopey.
You are engulfed in flames.
You resist.
You die...

#.#.....#.# ##
#.........# . . #.
..... . # .#.#
####...# ### . #.##
### .# #
####...#####..#.. #
#.#.....#..#.#. # .
#.............. #
... #.#@#. ##..# .#
#..##3#......##...#
#. #..33#### # # #
# ###4#... ## #
..####... #.#. . ..
> ##. .. .# ##


You could see 2 sun demons, a smoke demon and a red devil.

Vanquished Creatures
  A balrug (Abyss:3)
  A stone giant (Orc:2)
  A draconian annihilator (Abyss:3)
  A red draconian (Abyss:3)
  The ghost of Soeti the Blocker, a journeyman MiFi of Makhleb (D:10)
  A deep elf high priest (Elf:1)
  10 dancing weapons
  A tengu warrior (D:13)
  A centaur warrior (D:12)
  4 orc high priests (Orc:2)
  2 thrashing horrors (Abyss:3)
  4 deep elf knights
  3 wretched stars (Abyss:3)
  A sixfirhy (Abyss:3)
  2 deep elf archers
  3 hill giants (D:12)
  Pikel (D:4)
  20 deep elf magi
  3 orc sorcerers
  Joseph (D:8)
  Maurice (D:8)
  Psyche (D:8)
  A kobold demonologist (D:13)
  3 meliai (D:13)
  A tengu conjurer (D:13)
  2 two-headed ogres
  5 hippogriffs
  5 starcursed masses (Abyss:3)
  5 flying skulls (Abyss:3)
  3 wraiths
  2 air elementals
  A spriggan (D:9)
  9 yaks (D:11)
  A fire elemental (Elf:2)
  Grum (D:8)
  A hungry ghost (D:11)
  A neqoxec (Abyss:3)
  3 vampire mosquitoes (D:12)
  A warg (Orc:2)
  Menkaure (D:4)
  A mottled dragon (D:11)
  A water moccasin (D:7)
  2 hell hounds (D:9)
  2 sky beasts
  16 orc warriors
  2 ice beasts
  A black bear (D:7)
  2 phantoms
  7 ogres
  2 necrophages
  2 wolves (D:8)
  7 centaurs
  A crocodile (D:10)
  2 small abominations (Abyss:3)
  8 bullfrogs
  An earth elemental (Elf:2)
  4 scorpions
  7 killer bees
  4 wights (D:7)
  4 howler monkeys
  2 bullfrog zombies
  3 crimson imps
  4 jellies
  2 centaur zombies
  6 hounds
  20 orc wizards
  33 orc priests
  A centaur skeleton (D:7)
  A bullfrog skeleton (D:10)
  Ijyb (D:3)
  5 iguanas
  Natasha (thrice) (D:4)
  8 worker ants
  6 ogre zombies (D:11)
  7 gnolls
  8 adders
  2 shadow imps
  2 oozes
  An adder skeleton (D:9)
  2 worms (D:2)
  4 dart slugs (D:1)
  4 leopard geckos
  42 orcs
  8 bats
  4 giant cockroaches
  8 hobgoblins
  4 jackals
  3 quokkas
  9 frilled lizards
  2 goblins
  A goblin skeleton (D:11)
  3 goblin zombies (D:11)
  A hobgoblin skeleton (D:11)
  2 hobgoblin zombies (D:11)
  2 jackal skeletons
  8 kobolds
  An orc skeleton (D:11)
  11 orc zombies (D:11)
  A quokka zombie (D:7)
  5 rats
426 creatures vanquished.

Vanquished Creatures (others)
  A slave (D:5)
  An eye of draining (Abyss:3)
  A crimson imp (D:5)
  14 toadstools (D:13)
17 creatures vanquished.

Grand Total: 443 creatures vanquished

Notes
Turn   | Place    | Note
-------+----------+-------------------------------------------
     0 | D:1      | Amnesiac the Ogre Berserker began the quest for the Orb.
     0 | D:1      | Reached XP level 1. HP: 24/24 MP: 1/1
   112 | D:1      | Reached XP level 2. HP: 12/32 MP: 2/2
   362 | D:1      | Reached XP level 3. HP: 40/40 MP: 3/3
   659 | D:2      | Reached skill level 5 in Maces & Flails
   851 | D:2      | Reached XP level 4. HP: 38/49 MP: 4/4
   869 | D:2      | Reached ** piety under Trog
   972 | D:2      | Reached skill level 5 in Fighting
  1699 | D:3      | Reached XP level 5. HP: 52/57 MP: 5/5
  1712 | D:3      | Reached skill level 6 in Maces & Flails
  1860 | D:3      | Noticed Ijyb
  1870 | D:3      | Killed Ijyb
  1870 | D:3      | Reached XP level 6. HP: 65/67 MP: 6/6
  2091 | D:4      | Noticed Menkaure
  2091 | D:4      | Reached skill level 7 in Maces & Flails
  2164 | D:3      | Noticed Shenda's ghost (amateur VSFi)
  2463 | D:4      | Found a staircase to the Ecumenical Temple.
  2516 | D:4      | Noticed Natasha
  2523 | D:4      | Killed Natasha
  2535 | D:4      | Killed Menkaure
  2535 | D:4      | Reached *** piety under Trog
  2535 | D:4      | Reached skill level 8 in Maces & Flails
  2535 | D:4      | Reached XP level 7. HP: 76/76 MP: 7/7
  2780 | D:4      | Noticed Natasha
  2789 | D:4      | Killed Natasha
  3044 | D:4      | Noticed Natasha
  3050 | D:4      | Killed Natasha
  3456 | D:5      | Entered Level 5 of the Dungeon
  3502 | D:5      | Found an iron altar of Okawaru.
  3524 | D:5      | Got a blackened war axe
  3525 | D:5      | Identified the +5 war axe "Igahiug" {drain, +Blink rPois rN++ Str-5} (You found it on level 5 of the Dungeon)
  3610 | D:5      | Noticed Pikel
  3938 | D:4      | Killed Pikel
  3938 | D:4      | Reached skill level 9 in Maces & Flails
  3938 | D:4      | Reached skill level 5 in Dodging
  3938 | D:4      | Reached XP level 8. HP: 88/88 MP: 8/8
  4030 | D:5      | Reached skill level 10 in Maces & Flails
  4092 | D:5      | Found an ancient bone altar of Kikubaaqudgha.
  4092 | D:5      | Found a blossoming altar of Fedhas.
  4113 | D:5      | Found a shimmering altar of Xom.
  4144 | D:5      | Found a shimmering altar of Xom.
  4155 | D:5      | Found a basalt altar of Yredelemnul.
  4260 | D:5      | Found a hazy altar of Hepliaklqana.
  4260 | D:5      | Found a stormy altar of Qazlal.
  5245 | D:6      | Reached XP level 9. HP: 97/97 MP: 9/9
  5313 | D:7      | Reached skill level 11 in Maces & Flails
  5923 | D:7      | Received a gift from Trog
  5931 | D:7      | Reached skill level 12 in Maces & Flails
  5976 | D:6      | Gained mutation: You are covered in fur. (AC +1) [potion of mutation]
  5976 | D:6      | Gained mutation: You are partially covered in molten scales. (AC +2) [potion of mutation]
  5976 | D:6      | Gained mutation: Your mind is acute. (Int +2) [potion of mutation]
  5977 | D:6      | Gained mutation: You are clumsy. (Dex -2) [potion of mutation]
  5977 | D:6      | Gained mutation: You have sharp toenails. [potion of mutation]
  5977 | D:6      | Gained mutation: You expend magic power (3 MP) to strengthen your wands. [potion of mutation]
  5985 | D:6      | Reached skill level 15 in Maces & Flails
  5985 | D:6      | Reached XP level 10. HP: 31/115 MP: 10/10
  6650 | D:8      | Noticed Psyche
  6660 | D:8      | Killed Psyche
  6732 | D:8      | Noticed Joseph
  6742 | D:8      | Killed Joseph
  6795 | D:8      | Noticed Maurice
  6805 | D:8      | Killed Maurice
  6805 | D:8      | Reached XP level 11. HP: 123/123 MP: 11/11
  7269 | D:8      | Found a white marble altar of Elyvilon.
  7272 | D:8      | Found a glowing golden altar of the Shining One.
  7311 | D:8      | Found a glowing silver altar of Zin.
  7337 | D:8      | Noticed Grum
  7351 | D:8      | Killed Grum
  7395 | D:8      | Gained mutation: You tend to lose your temper in combat. [potion of mutation]
  7395 | D:8      | Gained mutation: You have a pair of small antennae on your head. [potion of mutation]
  7396 | D:8      | Lost mutation: You tend to lose your temper in combat. [potion of mutation]
  7396 | D:8      | Lost mutation: Your mind is acute. (Int +2) [potion of mutation]
  7397 | D:8      | Gained mutation: [You are weak. (Str -2)] [potion of mutation]
  7397 | D:8      | Lost mutation: You are clumsy. (Dex -2) [potion of mutation]
  7587 | D:9      | Found a staircase to the Lair.
  7833 | D:9      | Found Syhacada's Jewellery Shoppe.
  7851 | D:9      | Found Tillef's Armour Emporium.
  8025 | D:9      | Found Ewosobon's General Store.
  8265 | D:10     | Entered Level 10 of the Dungeon
  8325 | D:10     | Noticed Soeti's ghost (journeyman MiFi)
  8331 | D:10     | Reached **** piety under Trog
  8353 | D:10     | Killed Soeti's ghost
  8353 | D:10     | Reached skill level 16 in Maces & Flails
  8595 | D:10     | Found Rownax's Gadget Emporium.
  9039 | D:11     | Gained mutation: Your system is resistant to poisons. (rPois) [mutagenic meat]
  9042 | D:11     | Lost mutation: You have a pair of small antennae on your head. [mutagenic meat]
  9045 | D:11     | Gained mutation: Your mind is acute. (Int +2) [mutagenic meat]
  9064 | D:11     | You fall through a shaft!
  9064 | D:12     | Noticed a hill giant
  9068 | D:12     | Killed a hill giant
  9079 | D:12     | Lost mutation: [You are weak. (Str -2)] [potion of mutation]
  9438 | D:12     | Noticed a centaur warrior
  9444 | D:12     | Killed a centaur warrior
  9713 | D:12     | Noticed a hill giant
  9720 | D:12     | Killed a hill giant
  9767 | D:12     | Reached skill level 17 in Maces & Flails
  9815 | D:12     | Noticed a hill giant
  9820 | D:12     | Killed a hill giant
  9820 | D:12     | Reached XP level 12. HP: 136/136 MP: 12/12
 10136 | D:13     | Noticed a tengu warrior
 10147 | D:13     | Killed a tengu warrior
 10321 | D:13     | Reached ***** piety under Trog
 10486 | D:13     | Noticed Rupert
 10800 | D:11     | Received a gift from Trog
 11025 | D:11     | Found a staircase to the Orcish Mines.
 11049 | D:11     | Reached skill level 18 in Maces & Flails
 11050 | D:11     | Received a gift from Trog
 11582 | Orc:1    | Entered Level 1 of the Orcish Mines
 11584 | Orc:1    | Reached skill level 10 in Dodging
 11687 | Orc:2    | Entered Level 2 of the Orcish Mines
 11687 | Orc:2    | Found Ocliapsa's Antique Weapon Shop.
 11702 | Orc:2    | Found Siteas's Antique Weapon Shoppe.
 11713 | Orc:2    | Found Ylulus's Book Emporium.
 11852 | Orc:2    | Found a staircase to the Elven Halls.
 12035 | Orc:2    | Noticed a stone giant
 12059 | Orc:2    | Killed a stone giant
 12316 | Orc:2    | Found Lowy's Antique Armour Shop.
 12316 | Orc:2    | Found Woabeq's Weapon Boutique.
 12317 | Orc:2    | Noticed an orc high priest
 12317 | Orc:2    | Noticed an orc high priest
 12318 | Orc:2    | Found Wuilit's Armour Shop.
 12318 | Orc:2    | Found Oqoperr's Antique Weapon Boutique.
 12366 | Orc:2    | Found Osi Ryuf's Jewellery Boutique.
 12530 | Orc:2    | Noticed an orc high priest
 12530 | Orc:2    | Killed an orc high priest
 12542 | Orc:2    | Killed an orc high priest
 12542 | Orc:2    | Reached XP level 13. HP: 71/148 MP: 13/13
 13201 | Orc:2    | Bought a pitted cloak for 304 gold pieces
 13211 | Orc:2    | Identified the cursed +0 cloak of Rommis {Str+4} (You bought it in a shop on level 2 of the Orcish Mines)
 13458 | Elf:1    | Entered Level 1 of the Elven Halls
 13481 | Elf:1    | Reached skill level 19 in Maces & Flails
 13763 | Elf:1    | Reached skill level 15 in Fighting
 14152 | Elf:1    | Received a gift from Trog
 14153 | Elf:1    | Noticed a deep elf high priest
 14164 | Elf:1    | Killed a deep elf high priest
 14244 | Elf:1    | Reached ****** piety under Trog
 14301 | Elf:1    | Identified the Almanac of Companions
 14306 | Elf:1    | You fall through a shaft!
 14310 | Elf:2    | Found a huge runed gate.
 14310 | Elf:2    | Found a huge runed gate.
 14311 | Elf:2    | Found a huge runed gate.
 14312 | Elf:2    | Found a huge runed gate.
 14313 | Elf:2    | Found a huge runed gate.
 14340 | Elf:2    | Reached skill level 20 in Maces & Flails
 14634 | Elf:2    | Found Feney's Magic Scroll Boutique.
 14666 | Elf:2    | Reached XP level 14. HP: 151/159 MP: 14/14
 14742 | Elf:3    | Entered Level 3 of the Elven Halls
 15426 | Elf:2    | Reached skill level 21 in Maces & Flails
 15558 | Elf:1    | Found Mose's Food Emporium.
 15558 | Elf:1    | Noticed a deep elf sorcerer
 15564 | Elf:2    | Cast into level 3 of the Abyss (a deep elf sorcerer)
 15944 | Abyss:3  | Noticed a black draconian annihilator
 15959 | Abyss:3  | Killed a black draconian annihilator
 16108 | Abyss:3  | Noticed an angel
 16485 | Abyss:3  | Noticed a starcursed mass
 16492 | Abyss:3  | Noticed a red draconian
 16499 | Abyss:3  | Killed a red draconian
 16644 | Abyss:3  | Reached skill level 22 in Maces & Flails
 16646 | Abyss:3  | Received a gift from Trog
 16684 | Abyss:3  | Noticed a starcursed mass
 16694 | Abyss:3  | Noticed a balrug
 16702 | Abyss:3  | Killed a balrug
 16707 | Abyss:3  | HP: 2/127 [sun demon[a balrug] (27)]
 16707 | Abyss:3  | Slain by a sun demon

Vault maps used:
D:1:      lightli_arrival_farm
D:2:      first_bread, feat_on_display
D:3:      uniq_iyjb
D:4:      uniq_natasha, uniq_menkaure
D:5:      grunt_temple_overflow_growth_and_decay,
          nicolae_overflow_hidden_temple, amethyst_overflow_temple_binary,
          led_xom_imps, uniq_pikel
D:6:      feat_on_display
D:8:      good_gods_mini_temple, st_stairs_11, uniq_psyche, uniq_grum,
          uniq_maurice, uniq_joseph
D:9:      minmay_lair_entry_lava, serial_shops, shop, nicolae_shop_stone,
          nicolae_shop_stone, grunt_pizzeria, kennysheep_generic_room_6
D:10:     serial_shops, shop
D:11:     zombieorc1_lemuel, grunt_ministairs_4
D:12:     hex_large
D:13:     david_vaults_1, tgw_fedhas, uniq_rupert
Orc:1:    nicolae_orc_accident_3
Orc:2:    st_orc_mages, serial_shops, shop, shop_statue, shop_statue, shop
Elf:1:    serial_shops, shop, minmay_elf_demonology, spider_trap,
          serial_sigils_hangedman_writhe, uniq_roxanne
Elf:2:    serial_shops, shop_statue, serial_sigils,
          serial_sigils_hangedman_clutch, serial_sigils_hangedman_scratch,
          serial_sigils_hangedman_gut, serial_sigils_hangedman_leer
Elf:3:    minmay_elf_hall_statues, basic_stair_grate_trap, uniq_saint_roka
Abyss:3:  evilmike_abyss_rune_siren_acolytes, evilmike_abyss_exit_10

Skill      XL: |  1  2  3  4  5  6  7  8  9 10 11 12 13 14 |
---------------+-------------------------------------------+-----
Maces & Flails | 5 6 8 9 10 15 17 18 20 22 | 22.2
Dodging        | 3 4 5 8 9 10 11 | 11.2
Fighting       | 5 6 7 8 11 13 14 15 | 15.5

Action                   |  1- 3 |  4- 6 |  7- 9 | 10-12 | 13-15 || total
-------------------------+-------+-------+-------+-------+-------++-------
Melee: Mace              |    57 |   136 |   188 |    26 |       ||   407
       War axe           |       |       |     7 |       |       ||     7
       Giant spiked club |       |       |       |   402 |   249 ||   651
       Kick              |       |       |       |    91 |    68 ||   159
Throw: Throwing net      |       |       |       |       |     1 ||     1
Invok: Berserk           |       |     1 |     3 |     7 |     2 ||    13
  Use: Scroll            |       |       |    14 |     9 |     2 ||    25
       Potion            |       |       |     6 |    11 |       ||    17
 Stab: Sleeping          |       |     1 |       |     1 |     2 ||     4
       Distracted        |       |       |     1 |       |     1 ||     2
       Invisible         |       |       |       |     1 |       ||     1
       Confused          |       |       |       |     1 |       ||     1
  Eat: Chunk             |       |     5 |     5 |    31 |     9 ||    50
       Royal jelly       |       |       |     1 |       |       ||     1
       Pizza             |       |       |     1 |       |       ||     1
       Beef jerky        |       |       |     1 |       |       ||     1
       Meat ration       |       |       |     1 |       |       ||     1
       Bread ration      |       |       |       |     1 |     2 ||     3
Armor: Animal skin       |    21 |    36 |    42 |     9 |       ||   108
       Robe              |       |       |       |   125 |    66 ||   191
       Skin              |       |       |       |     1 |       ||     1
Dodge: Dodged            |    31 |    86 |    97 |   319 |   118 ||   651
